 Dungeon Crawl Stone Soup version 0.30.0-29-ga12c61a403 (webtiles) character file.

Game seed: 13425488239760574926

326 qw the Chopper (level 6, 0/38 HPs)
             Began as a Gargoyle Fighter on June 4, 2023.
             Slain by Ijyb
             ... wielding a +0 club
              (6 damage)
             ... on level 4 of the Dungeon.
             The game lasted 00:01:37 (3294 turns).

qw the Chopper (Gargoyle Fighter)                   Turns: 3294, Time: 00:01:37

Health: 0/38       AC:  0    Str: 22    XL:     6   Next: 49%
Magic:  6/6        EV: 14    Int:  8    God:
Gold:   259        SH:  0    Dex:  9    Spells: 5/5 levels left

rFire   . . .        Y - melded +2 war axe
rCold   . . .        c - melded +0 buckler
rNeg    + . .        b - melded +0 scale mail
rPois   inf          (helmet currently unavailable)
rElec   .            (cloak currently unavailable)
rCorr   .            (gloves currently unavailable)
SInv    .            (boots currently unavailable)
Will    .....        l - amulet of faith
Stlth   +            (ring currently unavailable)
HPRegen 0.26/turn    (ring currently unavailable)
MPRegen 0.10/turn

%: faith
@: about to teleport, pig-form, very slow
A: fast, no casting, sickness immunity, AC +4, small, negative energy resistance
1, (electricity resistance), torment resistance 1, petrification resistance
a: no special abilities


You were on level 4 of the Dungeon.
You were a filthy swine.
You visited 1 branch of the dungeon, and saw 4 of its levels.

You collected 259 gold pieces.


Innate Abilities, Weirdness & Mutations

You are a filthy swine.
You move quickly.
Your equipment is almost entirely melded.
You are incapable of wielding weapons or throwing items.
You cannot cast spells.
You are immune to sickness and miasma.
((Your stone body is resilient. (AC +4)))
You are immune to poison.
You resist negative energy. (rN+)
((You are resistant to electric shocks. (rElec)))
You are resistant to unholy torment.
You are immune to petrification.


   Skills:
 - Level 4.2 Fighting
 + Level 5.2 Axes
 - Level 3.2 Armour
 - Level 1.5 Dodging
 - Level 3.2 Shields


You had 5 spell levels left.
You didn't know any spells.
Your spell library was empty.

Inventory:

Hand Weapons
 j - a +0 flail
 Y - a +2 war axe (melded)
Armour
 b - a +0 scale mail (melded)
 c - a +0 buckler (melded)
Jewellery
 l - an amulet of faith (around neck)
Scrolls
 f - a scroll of identify
 i - 2 scrolls of teleportation
Potions
 a - a potion of lignification
 d - 2 potions of might
 e - a potion of berserk rage {unknown}
 g - a potion of attraction {unknown}
 k - a potion of brilliance {unknown}
 m - 2 potions of curing
 n - a potion of resistance {unknown}

Dungeon Overview and Level Annotations

Branches:
Dungeon (4/15)
 Temple: D:4-7

Altars:

Annotations:
D:4 Ijyb


Message History

Ijyb hits you with a +0 club!
You hit Ijyb but do no damage.
Ijyb is almost dead.
You barely miss Ijyb.
Ijyb is almost dead.
Ijyb misses you.
Your unstable footing causes you to fumble your attack.
Ijyb splashes around in the water.
You closely miss Ijyb.
Ijyb is almost dead.
Ijyb hits you with a +0 club.
Your unstable footing causes you to fumble your attack.
Ijyb misses you.
Your unstable footing causes you to fumble your attack.
Ijyb hits you with a +0 club.
Your unstable footing causes you to fumble your attack.
Ijyb splashes around in the water.
You closely miss Ijyb.
Ijyb is almost dead.
Ijyb hits you with a +0 club.
You closely miss Ijyb.
Ijyb is almost dead.
You completely miss Ijyb.
Ijyb is almost dead.
Ijyb misses you.
Your unstable footing causes you to fumble your attack.
Ijyb splashes around in the water.
You closely miss Ijyb.
Ijyb is almost dead.
Ijyb splashes around in the water.
Your unstable footing causes you to fumble your attack.
Ijyb hits you with a +0 club.
3293 ||| READING 3 scrolls of teleportation.
As you read the scroll of teleportation, it crumbles to dust.
You feel strangely unstable.
Ijyb splashes around in the water.
You closely miss Ijyb.
Ijyb is almost dead.
Ijyb hits you with a +0 club.
You die...

..~~~.. ...).[
..... 77...77
77..o..77
77..ooo..77
7...~g~...7 ##.##
#..~~h~~..# #...#
#..~~7~~..# #...#
#..~~~~~..#
####..<##
#...~~~...#
##........
##.......##
#.........
##.....##
#......... ###.###
##.........
#.######.#.>......
#.......#.........


You could see Ijyb and 4 orcs.

Vanquished Creatures
  A centaur (D:3)
  A scorpion (D:4)
  A jelly (D:4)
  6 adders
  An ufetubus (D:4)
  4 worms
  2 dart slugs
  4 orcs (D:3)
  4 endoplasms
  3 giant cockroaches
  12 goblins
  7 hobgoblins
  3 jackals (D:2)
  7 ball pythons
  6 bats
  4 frilled lizards
  4 kobolds
  6 rats
76 creatures vanquished.

Notes
Turn   | Place    | Note
-------+----------+-------------------------------------------
     0 | D:1      | qw the Gargoyle Fighter began the quest for the Orb.
     0 | D:1      | Reached XP level 1. HP: 14/14 MP: 1/1
     0 | D:1      | 0 ||| qw: Version: 0.2-a-107-g4668610
     0 | D:1      | 0 ||| qw: Game counter: 1308
     0 | D:1      | 0 ||| qw: Always use a shield: true
     0 | D:1      | 0 ||| qw: God list: Okawaru
     0 | D:1      | 0 ||| qw: Allow faded altars: false
     0 | D:1      | 0 ||| qw: Do Orc after D:15 true
     0 | D:1      | 0 ||| qw: Do second Lair branch before Depths: true
     0 | D:1      | 0 ||| qw: Lair rune preference: random
     0 | D:1      | 0 ||| qw: Plans: Normal, Zot:1-4, Slime:5, God:TSO, Crypt,
                  | Tomb, Abyss, Pan, Hells, Win
     0 | D:1      | 0 ||| PLANNING D:1-11
   274 | D:1      | Reached skill level 2 in Axes
   357 | D:1      | 357 ||| Stepping ~*~*~tactically~*~*~ (stealth).
   366 | D:1      | Reached XP level 2. HP: 19/19 MP: 2/2
   625 | D:1      | Reached skill level 3 in Axes
   756 | D:1      | 756 ||| UPGRADING to amulet of faith.
   761 | D:1      | 761 ||| READING scroll labelled COIMAR HOQI.
   762 | D:1      | 762 ||| READING scroll labelled ZOCHATW VIVUMU.
   763 | D:1      | 763 ||| READING 3 scrolls labelled JICENUGYDA.
   768 | D:1      | 768 ||| READING 2 scrolls labelled FOSHON CAISCHO.
   769 | D:1      | 769 ||| DROPPING scroll of blinking.
   815 | D:2      | Reached XP level 3. HP: 23/23 MP: 3/3
  1116 | D:2      | Reached XP level 4. HP: 28/28 MP: 4/4
  1329 | D:2      | 1329 ||| DROPPING +0 club.
  1353 | D:2      | Reached skill level 4 in Axes
  1402 | D:2      | 1402 ||| Stepping ~*~*~tactically~*~*~ (stealth).
  1893 | D:2      | 1893 ||| DROPPING scarf of shadows.
  1894 | D:2      | 1894 ||| READING scroll labelled ORAJEQ KIKK.
  1895 | D:2      | 1895 ||| READING scroll labelled SAFUOPIOST.
  1896 | D:2      | 1896 ||| READING scroll labelled SAICAT JOERUTT.
  1997 | D:2      | 1997 ||| READING scroll labelled DEICLU BILUZYE.
  1998 | D:2      | 1998 ||| READING scroll labelled ZAOCEU HILUQI.
  2091 | D:3      | 2091 ||| STAIRDANCE
  2113 | D:3      | 2113 ||| Stepping ~*~*~tactically~*~*~ (hiding).
  2114 | D:3      | 2114 ||| Stepping ~*~*~tactically~*~*~ (hiding).
  2115 | D:3      | 2115 ||| Stepping ~*~*~tactically~*~*~ (hiding).
  2116 | D:3      | 2116 ||| Stepping ~*~*~tactically~*~*~ (hiding).
  2117 | D:3      | 2117 ||| Stepping ~*~*~tactically~*~*~ (hiding).
  2118 | D:3      | 2118 ||| Stepping ~*~*~tactically~*~*~ (hiding).
  2119 | D:3      | 2119 ||| Stepping ~*~*~tactically~*~*~ (hiding).
  2555 | D:3      | Noticed a centaur
  2556 | D:3      | 2556 ||| Stepping ~*~*~tactically~*~*~ (hiding).
  2566 | D:3      | HP: 5/28 [centaur (6)]
  2566 | D:3      | HP: 2/28 [centaur (3)]
  2567 | D:3      | 2567 ||| READING 4 scrolls of teleportation.
  2569 | D:3      | Killed a centaur
  2570 | D:3      | Reached skill level 5 in Axes
  2570 | D:3      | Reached XP level 5. HP: 3/32 MP: 5/5
  2576 | D:3      | 2576 ||| READING 3 scrolls of teleportation.
  2577 | D:3      | HP: 4/32 [adder (1)]
  2924 | D:3      | 2924 ||| Stepping ~*~*~tactically~*~*~ (stealth).
  2949 | D:3      | 2949 ||| READING 2 scrolls labelled BEDWAM DUGOWEK.
  2950 | D:3      | 2950 ||| READING scroll of enchant weapon.
  2950 | D:3      | 2950 ||| ENCHANTING +1 war axe.
  2951 | D:3      | 2951 ||| DRINKING 2 yellow potions.
  2952 | D:3      | 2952 ||| READING 2 scrolls of identify.
  2952 | D:3      | 2952 ||| IDENTIFYING viscous golden potion
  2994 | D:4      | Identified the +8 dagger of the Radish {venom, rN+ Will+
                  | Stlth+}
  3012 | D:4      | Reached XP level 6. HP: 37/38 MP: 6/6
  3138 | D:4      | Reached skill level 1 in Dodging
  3254 | D:4      | Noticed Ijyb
  3292 | D:4      | HP: 6/38 [Ijyb/+0 club (6)]
  3293 | D:4      | 3293 ||| READING 3 scrolls of teleportation.
  3294 | D:4      | Slain by Ijyb

Levels and vault maps discovered:
D:1:      psy_arrival_statuary, layout_basic
D:2:      kennysheep_six_static_rooms, layout_basic, serial_curves,
          eino_curves_03, eino_curves_04, eino_curves_04
D:3:      layout_loops_cross
D:4:      layout_loops_cross, elyvilon_altar_3,
          hangedman_abyss_or_decor_jellyfish_corner, st_stairs_8,
          uniq_blork_the_orc, uniq_ijyb

Skill      XL: |  1  2  3  4  5  6 |
---------------+-------------------+-----
Axes           | 2 3 5 |  5.2
Fighting       | 4 |  4.2
Dodging        | 1 |  1.5
Armour         | |  3.2
Shields        | |  3.2

Action                     |  1- 3 |  4- 6 || total
---------------------------+-------+-------++-------
  Melee: War axe           |    81 |   153 ||   234
         Unarmed           |       |    35 ||    35
  Throw: Boomerang         |    21 |       ||    21
    Use: Scroll            |     4 |    11 ||    15
         Potion            |       |     1 ||     1
 Armour: Scale mail        |    33 |    93 ||   126
         Skin              |       |     2 ||     2
  Dodge: Dodged            |    26 |    71 ||    97
  Block: Buckler           |    16 |    39 ||    55

Table legend:
 A = Non-vault XP
 B = Vault XP
 C = Vault XP percentage of total XP
 D = Non-vault monster count
 E = Vault monster count
 F = Vault count percentage of total count
                 A         B        C        D         E       F
            +---------+---------+-------+---------+---------+-------
      Total |     452 |      15 |   3.2 |      70 |       6 |   7.9
            +---------+---------+-------+---------+---------+-------
        D:1 |      32 |       0 |   0.0 |      19 |       0 |   0.0
        D:2 |      81 |      15 |  15.6 |      25 |       6 |  19.4
        D:3 |     190 |       0 |   0.0 |      19 |       0 |   0.0
        D:4 |     149 |       0 |   0.0 |       7 |       0 |   0.0
            +---------+---------+-------+---------+---------+-------
